 Dungeon Crawl Stone Soup version 0.20-a0-839-gdaf5c57 (webtiles) character file.

513 Amciq the Shield-Bearer (level 7, 0/55 HPs)
             Began as a Formicid Fighter on Mar 8, 2017.
             Killed from afar by an orc wizard (7 damage)
             ... with a magic dart
             ... on level 3 of the Dungeon.
             The game lasted 00:10:00 (3551 turns).

Amciq the Shield-Bearer (Formicid Fighter)          Turns: 3551, Time: 00:10:01

Health: 0/55       AC:  7    Str: 25    XL:     7   Next: 43%
Magic:  7/7        EV:  8    Int:  8    God:
Gold:   141        SH: 11    Dex: 12    Spells: 6/6 levels left

rFire    + . .     SeeInvis +   v - +0 flail
rCold    x . .     Gourm    .   b - +0 scale mail
rNeg     . . .     Faith    .   c - +1 shield
rPois    .         Spirit   .   (helmet unavailable)
rElec    .         Reflect  .   (no cloak)
rCorr    .         Harm     .   (no gloves)
MR       .....                  (no boots)
Stlth    +.........             (no amulet)
Regen    0.2/turn               k - ring of fire
MPRegen  0.1/turn               n - ring of teleportation (curse)

@: mighty
A: permanent stasis, dig shafts and tunnels, four strong arms, antennae 3
a: Dig, Shaft Self


You were on level 3 of the Dungeon.
You were not hungry.

You visited 1 branch of the dungeon, and saw 4 of its levels.

You collected 141 gold pieces.

Inventory:

Hand Weapons
 v - a +0 flail (weapon)
Armour
 b - a +0 scale mail (worn)
 c - a +1 shield (worn)
Jewellery
 k - a ring of fire (right hand)
 n - a cursed ring of teleportation (left hand)
Wands
 i - a wand of disintegration (13/24)
Scrolls
 g - a scroll of blinking {unknown}
 j - a scroll of immolation {unknown}
 q - a scroll of fear {unknown}
 r - a scroll of enchant weapon {unknown}
 s - a scroll of amnesia
 t - a scroll of random uselessness {unknown}
 w - 2 scrolls of identify {unknown}
 x - 2 scrolls of remove curse {unknown}
 y - 2 scrolls of noise {unknown}
 B - a scroll of fog {unknown}
Potions
 d - 2 potions of might
 e - 4 potions of curing {unknown}
 h - a potion of agility
 m - a potion of lignification {unknown}
 o - 2 potions of mutation {unknown}
 p - a potion of ambrosia {unknown}
 z - 2 potions of brilliance {unknown}
 A - a potion of cancellation {unknown}
Comestibles
 f - 4 bread rations
 l - 3 royal jellies
 u - a meat ration


   Skills:
 + Level 4.7 Fighting
 + Level 3.7 Maces & Flails
 + Level 5.0 Armour
 + Level 3.5 Stealth
 + Level 5.6 Shields


You had 6 spell levels left.
You didn't know any spells.

Dungeon Overview and Level Annotations

Branches:
Dungeon (4/15)
 Temple: D:4-7

Altars:
Trog
Uskayaw
Vehumet
The Shining One


Innate Abilities, Weirdness & Mutations

You cannot be hasted, slowed, berserked, paralysed or teleported.
You can dig through walls and to a lower floor.
Your four strong arms can wield two-handed weapons with a shield.
You have a pair of large antennae on your head. (SInv)


Message History

You kill the orc!
The orc hits you with a falchion of freezing.
* * * LOW HITPOINT WARNING * * *
The orc freezes you.
* * * LOW HITPOINT WARNING * * *
Your shield and scale mail prevent you from hitting the orc.
You closely miss the orc wizard.
The orc wizard hits you but does no damage.
You block the orc wizard's attack.
All of the chunks of flesh in your inventory have rotted away.
You closely miss the orc wizard. The orc wizard misses you.
The orc wizard hits you but does no damage.
You miss the orc wizard. You block the orc wizard's attack.
The orc wizard casts a spell at you.
You easily resist.
You have no spells to forget!
You barely miss the orc wizard.
The orc wizard gestures at you while chanting.
The magic dart hits you!
You die...

≈≈.......# #...## #......#
≈........###....###.###..#
.............._......##..#
..........###....###.....#
..........# ##...# #.##.##
..........# #.### #.##.#
..........####.# #.##.#
..............o#####.##.#
.........#...ooo@....##.#
......##.....#o##+.[.§..#
......##....>#.##..§§§..#
......##.....#.###.§_...#
.....................§§.#
...........)...###.....#########
<..............#........<......#
............)........#........##
...............#.....#.#......#


You could see 2 orc wizards and 3 orcs.

Vanquished Creatures
  A phantom (D:4)
  A bullfrog (D:4)
  A scorpion (D:4)
  An orc priest (D:3)
  2 orc wizards (D:3)
  Ijyb (D:2)
  2 worker ants
  A hound skeleton (D:4)
  5 adders
  2 oozes (D:1)
  2 dart slugs
  5 leopard geckos
  13 orcs
  5 bats
  2 giant cockroaches (D:1)
  8 goblins
  9 hobgoblins
  7 kobolds
  A quokka (D:3)
  6 frilled lizards
  A quokka skeleton (D:4)
  5 rats
81 creatures vanquished.

Vanquished Creatures (others)
  A hound skeleton (D:3)
1 creature vanquished.

Grand Total: 82 creatures vanquished

Notes
Turn   | Place    | Note
-------+----------+-------------------------------------------
     0 | D:1      | Amciq the Formicid Fighter began the quest for the Orb.
     0 | D:1      | Reached XP level 1. HP: 18/18 MP: 1/1
   122 | D:1      | Reached XP level 2. HP: 20/24 MP: 2/2
   335 | D:1      | Reached XP level 3. HP: 25/29 MP: 3/3
   749 | D:2      | Noticed Ijyb
   762 | D:2      | Killed Ijyb
   762 | D:2      | Reached XP level 4. HP: 34/37 MP: 4/4
  1084 | D:2      | Found a glowing golden altar of the Shining One.
  1257 | D:2      | Reached XP level 5. HP: 42/42 MP: 5/5
  1503 | D:3      | Reached skill level 1 in Stealth
  1832 | D:3      | Found a bloodstained altar of Trog.
  1875 | D:3      | Found a radiant altar of Vehumet.
  1938 | D:3      | Noticed a dagger
  1938 | D:3      | Noticed a hand axe
  1942 | D:3      | Found a hide-covered altar of Uskayaw.
  2105 | D:3      | Reached skill level 5 in Shields
  2188 | D:3      | Reached XP level 6. HP: 32/48 MP: 6/6
  2511 | D:4      | Noticed a phantom
  2857 | D:4      | Killed a phantom
  3028 | D:4      | Reached XP level 7. HP: 8/55 MP: 7/7
  3385 | D:4      | Reached skill level 5 in Armour
  3551 | D:3      | Killed from afar by an orc wizard

Vault maps used:
D:1:      denvon_arrival_waterhouse
D:2:      lemuel_doored_altar, first_bread, uniq_iyjb
D:3:      nicolae_overflow_crystal_walls, fiery_altar_vehumet,
          dancing_weapons_uskayaw, serial_bayou, serial_bayou_lagoon_a,
          serial_bayou_lagoon_b, serial_bayou_pond_e, serial_bayou_lake_a,
          serial_bayou_pond_e, serial_bayou_pond_d

Skill      XL: |  1  2  3  4  5  6  7 |
---------------+----------------------+-----
Shields        | 4 5 |  5.6
Armour         | 4 5 |  5.0
Stealth        | 1 3 |  3.5
Fighting       | 4 |  4.7
Maces & Flails | 3 |  3.7

Action                   |  1- 3 |  4- 6 |  7- 9 || total
-------------------------+-------+-------+-------++-------
Melee: Flail             |   107 |   228 |    56 ||   391
  Use: Scroll            |     5 |       |       ||     5
       Potion            |       |       |     4 ||     4
  Eat: Chunk             |       |     6 |     3 ||     9
Armor: Scale mail        |    52 |    66 |    21 ||   139
Dodge: Dodged            |    32 |    78 |    13 ||   123
Block: Shield            |    64 |   124 |    30 ||   218
